 Dungeon Crawl Stone Soup version 0.26-a0-639-g72c4674329 (webtiles) character file.

Game seed: 2709946330755358217

2665 Flugslaktarn the Fighter (level 9, -3/83 HPs)
             Began as a Minotaur Fighter on Sept 18, 2020.
             Was a Follower of Makhleb.
             Slain by an orc warrior
             ... wielding a +0 halberd
              (22 damage)
             ... on level 7 of the Dungeon.
             The game lasted 00:02:53 (5437 turns).

Flugslaktarn the Fighter (Minotaur Fighter)         Turns: 5437, Time: 00:02:53

Health: -3/83      AC: 11    Str: 24    XL:     9   Next: 36%
Magic:  10/10      EV:  6    Int:  5    God:    Makhleb [*.....]
Gold:   95         SH: 11    Dex: 10    Spells: 8/8 levels left

rFire    . . .     SeeInvis .   b - +4 war axe (freeze)
rCold    . . .     Faith    .   c - +0 kite shield
rNeg     . . .     Spirit   .   v - +0 chain mail
rPois    .         Reflect  .   (helmet restricted)
rElec    .         Harm     .   i - +0 cloak
rCorr    .         Rampage  .   (no gloves)
MR       +....                  (no boots)
Stlth    ..........             (no amulet)
HPRegen  0.23/turn              (no ring)
MPRegen  0.12/turn              m - ring of protection from magic

@: no status effects
A: retaliatory headbutt, horns 2
a: Renounce Religion


You were on level 7 of the Dungeon.
You worshipped Makhleb.
Makhleb was aware of your devotion.
You visited 2 branches of the dungeon, and saw 8 of its levels.

You collected 251 gold pieces.
You spent 156 gold pieces at shops.

Inventory:

Hand Weapons
 b - a +4 war axe of freezing (weapon)
   (You bought it in a shop on level 6 of the Dungeon)
Missiles
 a - a throwing net (quivered)
Armour
 c - a +0 kite shield (worn)
 i - a +0 cloak (worn)
   (You took it off Crazy Yiuf on level 6 of the Dungeon)
 v - a +0 chain mail (worn)
   (You found it on level 6 of the Dungeon)
Jewellery
 m - a ring of protection from magic (right hand)
   (You found it on level 4 of the Dungeon)
Scrolls
 j - a scroll of fog
 o - a scroll of immolation {unknown}
 p - 2 scrolls of enchant weapon
 r - a scroll of identify
 s - a scroll of random uselessness {unknown}
 t - 4 scrolls of teleportation
 u - a scroll of magic mapping {unknown}
 x - a scroll of remove curse
Potions
 d - 2 potions of might
 e - a potion of lignification
 f - a potion of cancellation
 g - 3 potions of invisibility
 h - 2 potions of haste
 k - a potion of magic {unknown}
 l - a potion of flight {unknown}
 n - a potion of stabbing {unknown}
 q - 3 potions of curing
 w - a potion of ambrosia {unknown}


   Skills:
 * Level 9.2 Fighting
 * Level 8.9 Axes
 + Level 6.9 Armour
 + Level 7.0 Shields
 + Level 3.5 Invocations


You had 8 spell levels left.
You didn't know any spells.
Your spell library was empty.

Dungeon Overview and Level Annotations

Branches:
Dungeon (7/15)             Temple (1/1) D:5

Altars:
Ashenzari
Cheibriados
Dithmenos
Fedhas
Gozag
Hepliaklqana
Kikubaaqudgha
Makhleb
Nemelex Xobeh
Okawaru
Qazlal
Uskayaw
Vehumet
Wu Jian
Xom
Yredelemnul

Shops:
D:6 ?([}

Annotations:
D:4 3 runed translucent doors, Lanoc's ghost, amateur GnAr
D:6 2 transporters, LostGamesStreakFreak's ghost, novice TrHu


Innate Abilities, Weirdness & Mutations

You reflexively headbutt those who attack you in melee.
You have a pair of horns on your head.


Message History

You hit the orc warrior. You freeze the orc warrior.
The orc warrior is almost dead.
You block the orc warrior's attack.
A howler monkey comes into view.
The orc warrior hits you with a +0 halberd!
* * * LOW HITPOINT WARNING * * *
You are too injured to fight recklessly!
You are too injured to fight recklessly!
You are too injured to fight recklessly!
You are too injured to fight recklessly!
You are too injured to fight recklessly!
You are too injured to fight recklessly!
You are too injured to fight recklessly!
You are too injured to fight recklessly!
You are too injured to fight recklessly!
You are too injured to fight recklessly!
You are too injured to fight recklessly!
You are too injured to fight recklessly!
The orc warrior hits you from afar with a +0 halberd!!
You die...

. .# #............### #.
..##.............## .
..###................. ..
.#................... ..#
..#...#............. #..
..###...(..........
#..Z#.# #..............
+..oo.+##[†............
.h.#####@..#.............
#.................
+.........##).....
#.........#.......
#...#.....###.....
..+##...........(.. ..
#..#.........(. ...
#..#..........(
.#....##.......


You could see 2 orc warriors and an adder zombie.

Vanquished Creatures
  A centaur zombie (D:7)
  A hippogriff (D:7)
  Eustachio (D:4)
  An ice beast (D:5)
  A phantom (D:7)
  A necrophage (D:7)
  4 centaurs
  A bullfrog (D:6)
  A gnoll sergeant (D:5)
  A wyvern zombie (D:6)
  4 scorpions
  A water moccasin skeleton (D:4)
  5 killer bees (D:7)
  3 wights (D:6)
  An orc priest (D:4)
  2 hounds (D:7)
  A jelly (D:7)
  Crazy Yiuf (D:6)
  7 orc wizards
  Ijyb (D:4)
  5 worker ants
  2 hound skeletons (D:5)
  3 gnolls (D:6)
  5 adders
  3 shadow imps
  A white imp (D:7)
  An ufetubus (D:7)
  4 dart slugs
  4 worms
  2 leopard geckos
  8 orcs
  A giant cockroach (D:1)
  3 goblins
  4 hobgoblins
  13 jackals
  A kobold (D:1)
  4 quokkas
  2 ball pythons
  A jackal zombie (D:5)
  A rat (D:1)
107 creatures vanquished.

Notes
Turn   | Place    | Note
-------+----------+-------------------------------------------
     0 | D:1      | Flugslaktarn the Minotaur Fighter began the quest for the
                  | Orb.
     0 | D:1      | Reached XP level 1. HP: 19/19 MP: 0/0
   136 | D:1      | Reached XP level 2. HP: 25/27 MP: 1/1
   261 | D:2      | Reached skill level 4 in Fighting
   538 | D:3      | Reached XP level 3. HP: 24/33 MP: 2/2
   614 | D:4      | Found a shattered altar of Ashenzari.
   822 | D:4      | Noticed Ijyb
   837 | D:4      | Killed Ijyb
   837 | D:4      | Reached XP level 4. HP: 27/41 MP: 3/3
  1038 | D:4      | Reached skill level 5 in Fighting
  1038 | D:4      | Reached XP level 5. HP: 22/48 MP: 4/4
  1277 | D:4      | Found a runed translucent gate.
  1277 | D:4      | Found a runed translucent gate.
  1277 | D:4      | Found a runed translucent gate.
  1283 | D:4      | Noticed Lanoc's ghost (amateur GnAr)
  1725 | D:4      | Reached XP level 6. HP: 53/56 MP: 5/5
  1792 | D:4      | Noticed Eustachio
  1816 | D:4      | Killed Eustachio
  1816 | D:4      | Reached skill level 5 in Axes
  2010 | D:5      | Entered Level 5 of the Dungeon
  2010 | D:5      | Found a radiant altar of Vehumet.
  2015 | D:5      | Reached skill level 6 in Fighting
  2078 | D:5      | Reached skill level 5 in Armour
  2078 | D:5      | Reached skill level 5 in Shields
  2217 | D:5      | Reached XP level 7. HP: 63/63 MP: 6/6
  2621 | D:5      | Found a staircase to the Ecumenical Temple.
  2638 | Temple   | Entered the Ecumenical Temple
  2695 | Temple   | Became a worshipper of Makhleb the Destroyer
  2724 | D:5      | Found a radiant altar of Vehumet.
  2735 | D:5      | Reached skill level 7 in Fighting
  2862 | D:5      | Found a blossoming altar of Fedhas.
  2942 | D:5      | Reached skill level 1 in Invocations
  3005 | D:5      | Reached XP level 8. HP: 55/73 MP: 6/8
  3547 | D:6      | Found Zeklih's Magic Scroll Shoppe.
  3604 | D:6      | Found Zukkimp's Antique Weapon Shop.
  3695 | D:6      | Found a shimmering altar of Xom.
  3994 | D:6      | Reached * piety under Makhleb
  3996 | D:6      | Found Goduito's Antique Armour Shop.
  4354 | D:6      | Found Caechoke's Gadget Boutique.
  4511 | D:6      | Found a transporter.
  4515 | D:6      | Found a transporter.
  4515 | D:6      | Noticed LostGamesStreakFreak's ghost (novice TrHu)
  4678 | D:6      | Found a runed translucent door.
  4679 | D:6      | Noticed Crazy Yiuf
  4686 | D:6      | Killed Crazy Yiuf
  4829 | D:6      | Bought a runed war axe for 156 gold pieces
  4861 | D:7      | Reached skill level 8 in Fighting
  5043 | D:7      | Reached XP level 9. HP: 82/82 MP: 10/10
  5227 | D:7      | Reached skill level 9 in Fighting
  5437 | D:7      | Slain by an orc warrior

Illustrated notes

Levels and vault maps discovered:
D:1:      sevenhm_arrival_forest_fort_small_5, layout_loops_cross,
          minmay_pentomino_q2
D:2:      layout_loops_ring
D:3:      layout_rooms, kennysheep_generic_room_14
D:4:      layout_basic, old_standard_altar, ebering_ghost_rock_garden,
          minmay_misc_feat_more_columns, kennysheep_generic_room_6,
          uniq_eustachio, uniq_ijyb
D:5:      minmay_opposing_rooms, layout_cave_pods, fedhas_altar_1,
          vehumet_altar_wand_db, minmay_temple_entry_glass, basic_altar,
          abandoned_shop
D:6:      layout_basic, xom_teletrap_fun, serial_shops, shop, shop, shop,
          nicolae_shop_temple_entry_statues_fountains, gammafunk_ghost_hive,
          uniq_crazy_yiuf_cottage
D:7:      minmay_the_grid_triangle_9x9_rhombus_thin
          [minmay_the_grid_triangle_9x9_cache,
          minmay_the_grid_triangle_9x9_prize_special,
          minmay_the_grid_triangle_9x9_windchime,
          minmay_the_grid_triangle_9x9_fully_insulated_deathbox],
          layout_cave_pools, zin_scriptorium, minmay_fractal_squares_diagonal_5
Temple:   nicolae_temple_hex_pool

Skill      XL: |  1  2  3  4  5  6  7  8  9 |
---------------+----------------------------+-----
Fighting       | 4 5 6 7 8 9 |  9.2
Axes           | 3 4 5 6 8 |  8.9
Armour         | 4 5 6 |  6.9
Shields        | 4 5 6 7 |  7.0
Invocations    | 1 2 3 |  3.5

Action                   |  1- 3 |  4- 6 |  7- 9 || total
-------------------------+-------+-------+-------++-------
Melee: War axe           |    61 |    92 |   218 ||   371
       Headbutt          |    10 |    13 |    36 ||    59
  Use: Scroll            |       |       |    13 ||    13
Armor: Scale mail        |    23 |    62 |    45 ||   130
       Chain mail        |       |       |    45 ||    45
Dodge: Dodged            |    19 |    47 |    61 ||   127
Block: Kite shield       |    35 |    58 |   130 ||   223

Table legend: (Time is in decaauts)
 A = Elapsed time spent in this place.
 B = Non-inter-level travel time spent in this place.
 C = Inter-level travel time spent in this place.
 D = Time resting spent in this place.
 E = Time spent auto-exploring this place.
 F = Levels seen in this place.
 G = Mean time per level.
                   A        B        C        D        E       F      G
               +--------+--------+--------+--------+--------+-----+--------+
         Total |   5537 |   5353 |    184 |      0 |   4520 |   8 |  692.1 |
       Dungeon |   5458 |   5295 |    163 |      0 |   4469 |   7 |  779.7 |
        Temple |     79 |     58 |     21 |      0 |     51 |   1 |   79.0 |
               +--------+--------+--------+--------+--------+-----+--------+

Top non-repeatable levels by time:
     D:4: 1489 daAuts
     D:5: 1432 daAuts
     D:6: 1371 daAuts
     D:7: 591 daAuts
     D:3: 296 daAuts
     D:1: 235 daAuts
  Temple: 79 daAuts
     D:2: 42 daAuts
